 Dungeon Crawl Stone Soup version 0.23.2 (webtiles) character file.

Game seed: 945804730236158014

1274 Chiseanne the Skirmisher (level 8, -4/97 HPs)
             Began as a Demonspawn Wanderer on Apr 6, 2019.
             Killed by divine providence
             ... invoked by an orc priest
              (12 damage)
             ... on level 6 of the Dungeon.
             The game lasted 00:08:47 (4713 turns).

Chiseanne the Skirmisher (Demonspawn Wanderer)      Turns: 4713, Time: 00:08:47

Health: -4/97      AC: 12    Str: 25    XL:     8   Next: 28%
Magic:  9/9        EV: 11    Int: 13    God:
Gold:   412        SH:  0    Dex: 14    Spells: 9/9 levels left

rFire    . . .     SeeInvis .   a - +5 whip (elec)
rCold    + . .     Gourm    .   (no shield)
rNeg     . . .     Faith    +   n - +1 chain mail
rPois    .         Spirit   .   (no helmet)
rElec    .         Reflect  .   (no cloak)
rCorr    .         Harm     .   (no gloves)
MR       .....                  (no boots)
Stlth    ..........             o - amulet of faith
HPRegen  0.26/turn              u - +6 ring of strength
MPRegen  0.11/turn              (no ring)

@: berserking, very quick
A: slimy green scales 1, cold resistance 1, rot immunity, freezing cloud
immunity
a: no special abilities


You were on level 6 of the Dungeon.
You were not hungry.

You visited 2 branches of the dungeon, and saw 7 of its levels.

You collected 412 gold pieces.

Inventory:

Hand Weapons
 a - a +5 whip of electrocution (weapon)
 l - a +1 dagger of holy wrath
 r - a +0 blowgun
 y - a +0 vampiric war axe
 B - a +1 quarterstaff of crushing
Missiles
 b - 37 poisoned needles
 c - 96 arrows
 i - 39 bolts
 j - 154 stones (quivered)
 k - 113 sling bullets
 p - 2 javelins
Armour
 n - a +1 chain mail (worn)
Magical Staves
 C - an uncursed staff of poison
Jewellery
 o - an amulet of faith (around neck)
 u - a +6 ring of strength (left hand)
Scrolls
 h - a scroll of enchant weapon
 m - 3 scrolls of remove curse
 s - 2 scrolls of fog
 t - 2 scrolls of teleportation
Potions
 d - a potion of lignification
 e - a potion of brilliance
 g - 3 potions of haste
 x - 2 potions of agility {unknown}
 z - a potion of might {unknown}
 A - a potion of mutation {unknown}
Comestibles
 f - 6 rations
 q - 4 chunks of flesh


   Skills:
 * Level 6.6 Fighting
 * Level 4.9 Armour
 * Level 5.2 Dodging
 - Level 1.0 Stealth
 - Level 1.0 Spellcasting
   Level 2.0 Summonings
   Level 1.7 Earth Magic
 - Level 1.0 Evocations


You had 9 spell levels left.
You didn't know any spells.
Your spell library contained the following spells:

 Spells                   Type           Power        Failure   Level  Hunger
 Magic Dart               Conj           #...         87%         1    ##.....
 Searing Ray              Conj           #.....       95%         2    ###....
 Dazzling Spray           Conj/Hex       #.....       99%         3    ####...
 Force Lance              Conj/Tloc      #.......     100%        4    #####..
 Fulminant Prism          Conj/Hex       #.........   100%        4    #####..
 Iskenderun's Mystic Bla  Conj           #.......     100%        4    #####..


Dungeon Overview and Level Annotations

Branches:
Dungeon (6/15)             Temple (1/1) D:4

Altars:
Ashenzari
Cheibriados
Dithmenos
Elyvilon
Fedhas
Hepliaklqana
Kikubaaqudgha
Makhleb
Nemelex Xobeh
Okawaru
Qazlal
Ru
Sif Muna
Trog
Uskayaw
Vehumet
Wu Jian
Xom
Zin


Innate Abilities, Weirdness & Mutations

You are partially covered in slimy green scales. (AC +2)
Your flesh is cold resistant. (rC+)
You are immune to rotting.
You are immune to freezing clouds.


Message History

The orc warrior barely misses you.
You whack the orc priest!
You kill the orc priest!
You hear a splash.
The giant cockroach misses you.
You whack the orc warrior!
Lightning courses through the orc warrior!
The orc warrior is severely wounded.
The orc warrior hits you but does no damage.
The giant cockroach barely misses you.
The orc priest invokes the aid of Beogh against you.
You struggle to resist.
You whack the orc warrior!
Lightning courses through the orc warrior!
You kill the orc warrior!
You whack the giant cockroach!
You kill the giant cockroach!
The orc priest calls down the wrath of Beogh upon you.
Beogh smites you!
You die...

##..>..####+##.#
##.....####.##.###
..................#
..........).......#
..................+ .
P.........##....### ..
.≈....######....###...
≈.≈...................
≈≈≈P≈.≈......@........
≈≈≈P ≈...≈...........
P≈≈≈≈..))..≈....
≈≈≈≈≈≈≈.≈≈P≈≈≈≈≈
≈≈≈≈≈≈≈≈W≈≈≈≈≈≈≈
≈≈≈≈≈≈≈≈o≈P≈≈≈≈≈
≈≈≈≈≈≈≈.(≈≈P≈≈P≈
.≈≈≈≈.......≈≈P.
...............


You could see a phantom and an orc priest.

Vanquished Creatures
  Eustachio (D:4)
  An orc warrior (D:6)
  An ice beast (D:6)
  2 phantoms (D:4)
  2 ogres
  2 vampire bats (D:4)
  An electric eel (D:6)
  A bullfrog zombie (D:5)
  2 orc priests
  3 hounds
  3 iguanas (D:4)
  3 worker ants
  A hound zombie (D:6)
  3 adders
  A shadow imp (D:6)
  An ooze (D:1)
  7 worms
  5 dart slugs
  4 leopard geckos
  9 orcs
  8 bats
  4 bat zombies (D:4)
  3 giant cockroaches
  6 goblins
  4 hobgoblins
  4 jackals (D:4)
  A quokka (D:3)
  2 ball pythons
  3 frilled lizards
  5 kobolds
  A quokka skeleton (D:4)
  5 rats
99 creatures vanquished.

Notes
Turn   | Place    | Note
-------+----------+-------------------------------------------
     0 | D:1      | Chiseanne the Demonspawn Wanderer began the quest for the
                  | Orb.
     0 | D:1      | Chiseanne set off with the following items: a +2 spear, a
                  | +0 shortbow, 27 arrows, a potion of lignification, a +0
                  | robe, a ration
     0 | D:1      | Reached XP level 1. HP: 18/18 MP: 2/2
   308 | D:1      | Reached skill level 1 in Dodging
   308 | D:1      | Gained mutation: You are immune to rotting. [demonic
                  | ancestry]
   308 | D:1      | Reached XP level 2. HP: 24/24 MP: 3/3
   967 | D:2      | Reached XP level 3. HP: 29/29 MP: 4/4
  1056 | D:2      | Found a radiant altar of Vehumet.
  1389 | D:2      | Reached skill level 1 in Armour
  1467 | D:2      | Found a glowing silver altar of Zin.
  1478 | D:2      | Gained mutation: You are partially covered in slimy green
                  | scales. (AC +2) [demonic ancestry]
  1478 | D:2      | Reached XP level 4. HP: 27/37 MP: 5/5
  1859 | D:3      | Reached skill level 4 in Fighting
  2491 | D:4      | Found an ancient bone altar of Kikubaaqudgha.
  2508 | D:4      | Reached XP level 5. HP: 38/42 MP: 6/6
  2867 | D:4      | Found a staircase to the Ecumenical Temple.
  2884 | Temple   | Entered the Ecumenical Temple
  3097 | D:4      | Noticed an ogre
  3102 | D:4      | Killed an ogre
  3102 | D:4      | Gained mutation: Your flesh is cold resistant. (rC+)
                  | [demonic ancestry]
  3102 | D:4      | Reached XP level 6. HP: 26/50 MP: 7/7
  3257 | D:4      | Found a burning altar of Makhleb.
  3263 | D:4      | Reached skill level 5 in Fighting
  3368 | D:4      | Noticed Eustachio
  3389 | D:4      | Killed Eustachio
  3389 | D:4      | Gained mutation: You are immune to freezing clouds.
                  | [demonic ancestry]
  3389 | D:4      | Reached XP level 7. HP: 47/56 MP: 8/8
  3841 | D:5      | Entered Level 5 of the Dungeon
  3978 | D:5      | Found a deep blue altar of Sif Muna.
  4298 | D:5      | Reached skill level 6 in Fighting
  4516 | D:6      | Reached XP level 8. HP: 59/64 MP: 9/9
  4659 | D:6      | Found a stormy altar of Qazlal.
  4659 | D:6      | Found a hazy altar of Hepliaklqana.
  4703 | D:6      | Reached skill level 5 in Dodging
  4713 | D:6      | Killed from afar by an orc priest

Skill      XL: |  1  2  3  4  5  6  7  8 |
---------------+-------------------------+-----
Dodging        | 1 2 3 4 5 |  5.2
Armour         | 1 2 3 4 |  4.9
Fighting       | 4 5 6 |  6.6
Stealth        | |  1.0
Spellcasting   | |  1.0
Summonings     | |  2.0
Earth Magic    | |  1.7
Evocations     | |  1.0

Action                   |  1- 3 |  4- 6 |  7- 9 || total
-------------------------+-------+-------+-------++-------
Melee: Spear             |   106 |       |       ||   106
       Whip              |     9 |   137 |   101 ||   247
Throw: Javelin           |       |     2 |     5 ||     7
       Tomahawk          |       |     2 |     2 ||     4
       Stone             |       |       |     1 ||     1
  Use: Scroll            |       |     8 |     4 ||    12
       Potion            |       |     1 |     1 ||     2
  Eat: Chunk             |     2 |     6 |     4 ||    12
Armor: Robe              |     7 |       |       ||     7
       Chain mail        |    31 |   134 |    58 ||   223
Dodge: Dodged            |    34 |    71 |    57 ||   162
